 Dungeon Crawl Stone Soup version 0.22.1-1-ga44c0e5 (webtiles) character file.

652985 Heatsaber the Hoplite (level 27, -15/149 HPs)
             Began as a Vine Stalker Fighter on Sept 19, 2018.
             Was an Elder of Zin.
             Killed from afar by a Hell Sentinel (54 damage)
             ... with an iron shot
             ... on level 1 of the Abyss on Sept 22, 2018.
             The game lasted 11:37:53 (63748 turns).

Heatsaber the Hoplite (Vine Stalker Fighter)       Turns: 63748, Time: 11:37:53

Health: -15/149    AC: 30    Str: 26    XL:     27
Magic:  0/46       EV: 15    Int: 22    God:    Zin [****..]
Gold:   3207       SH: 33    Dex: 17    Spells: 12/26 levels left

rFire    + . .     SeeInvis +   H - +9 quick blade (pierce)
rCold    + + .     Gourm    +   c - +7 large shield of Qaoshrec {rElec rC+}
rNeg     . . .     Faith    .   L - +4 shadow dragon scales
rPois    .         Spirit   +   E - +2 helmet {SInv}
rElec    +         Reflect  .   S - scarf {cloud immunity}
rCorr    .         Harm     .   s - +2 pair of gloves {Dex+3}
MR       +++..     Rnd*Rage +   N - +0 pair of boots
Stlth    +++++++...             I - amulet of Butchery {Gourm rC+ Str+4}
HPRegen  1.14/turn              q - ring "Earthly Heaven" {+Inv rF+ Int+3}
MPRegen  0.30/turn              l - ring of Hilop {MP+9 Int+3 Dex+2 Stlth+}

@: no status effects
A: fangs 3, berserk 1, clumsy 1, regeneration 2, weak 1, magic shield, antimagic
bite, no potion heal 3, rot immunity
}: 4/15 runes: serpentine, barnacled, silver, abyssal
a: Recite, Vitalisation, Imprison, Donate Gold, Renounce Religion, Evoke
Invisibility


You were on level 1 of the Abyss.
You worshipped Zin.
Zin was greatly pleased with you.
You were not hungry.

You visited 10 branches of the dungeon, and saw 48 of its levels.
You visited the Abyss 4 times.
You visited 1 bazaar.
You also visited: Bailey and Ice Cave.

You collected 8186 gold pieces.
You spent 4623 gold pieces at shops.
You donated 356 gold pieces to Zin.

Inventory:

Hand Weapons
 H - a +9 quick blade of piercing (weapon)
 Y - a +4 eudemon blade of holy wrath
Armour
 c - the +7 large shield of Qaoshrec (worn) {rElec rC+}
   (You took it off Louise on level 1 of the Depths)

   It protects you from cold.
   It insulates you from electricity.
 s - a +2 pair of gloves of dexterity (worn)
 E - a +2 helmet of see invisible (worn)
 L - +4 shadow dragon scales (worn)
 N - a +0 pair of boots (worn)
 S - a scarf of cloud immunity (worn)
Jewellery
 l - the ring of Hilop (right hand) {MP+9 Int+3 Dex+2 Stlth+}
   (You bought it in a shop on level 3 of the Vaults)

   [ring of stealth]

   It affects your intelligence (+3).
   It affects your dexterity (+2).
   It affects your magic capacity (+9).
   It makes you more stealthy.
 q - the ring "Earthly Heaven" (left hand) {+Inv rF+ Int+3}
   (You took it off a deep elf archer on level 3 of the Elven Halls)

   [ring of intelligence]

   It affects your intelligence (+3).
   It protects you from fire.
   It lets you turn invisible.
 v - a +2 amulet of reflection
 I - the amulet of Butchery (around neck) {Gourm rC+ Str+4}
   (You bought it in a shop on level 14 of the Dungeon)

   [amulet of the gourmand]

   It allows you to eat raw meat even when not hungry.
   It affects your strength (+4).
   It protects you from cold.
 M - the amulet "Usithue" {RegenMP rElec rPois rN+}
   (You took it off a vault guard on level 5 of the Vaults)

   [amulet of magic regeneration]

   It increases your magic regeneration.
   It insulates you from electricity.
   It protects you from poison.
   It protects you from negative energy.
 P - an uncursed ring of protection from fire
 U - an uncursed ring of ice
Wands
 J - a wand of acid (36)
 Q - a wand of iceblast (49)
Scrolls
 e - 13 scrolls of teleportation
 g - 11 scrolls of fog
 k - 27 scrolls of remove curse
 m - 7 scrolls of magic mapping
 w - 3 scrolls of identify
 x - 5 scrolls of blinking
 z - 6 scrolls of vulnerability
 O - 5 scrolls of holy word
 R - 5 scrolls of immolation
 T - 11 scrolls of fear
Potions
 b - 5 potions of flight
 d - 8 potions of might
 i - 9 potions of brilliance
 o - 21 potions of curing
 p - a potion of magic
 t - 7 potions of mutation
 A - 5 potions of invisibility
 B - 5 potions of ambrosia
 D - 6 potions of agility
 G - 4 potions of cancellation
 K - 7 potions of resistance
 W - 10 potions of haste
 Z - 3 potions of berserk rage
Miscellaneous
 a - a lightning rod (4/4)
 n - a lamp of fire
 u - a phantom mirror
 y - a fan of gales
 C - a phial of floods
 F - a sack of spiders
Comestibles
 f - 59 rations


   Skills:
 + Level 16.9 Fighting
 - Level 14.0(14.6) Short Blades
 - Level 8.0(12.0) Long Blades
 + Level 15.8 Armour
 - Level 10.0 Dodging
 - Level 10.0 Stealth
 - Level 25.0 Shields
 - Level 5.0 Charms
 - Level 3.0 Summonings
 - Level 10.0 Air Magic
 + Level 18.9 Invocations
 - Level 10.0 Evocations


You had 12 spell levels left.
You knew the following spells:

 Your Spells              Type           Power        Failure   Level  Hunger
a - Song of Slaying       Chrm           ###.....     12%         2    ###....
b - Swiftness             Chrm/Air       ####....     4%          2    ###....
c - Summon Butterflies    Summ           ##......     19%         1    ##.....
d - Airstrike             Air            #####.....   10%         4    #####..
e - Bolt of Magma         Conj/Fire/Erth #.........   100%        5    ######.

Your spell library contained the following spells:

 Spells                   Type           Power        Failure   Level  Hunger
 Infusion                 Chrm           ###.         8%          1    ##.....
 Shock                    Conj/Air       ###.         8%          1    ##.....
 Poisonous Vapours        Pois/Air       ###...       12%         2    ###....
 Summon Small Mammal      Summ           ##..         19%         1    ##.....
 Static Discharge         Conj/Air       ###.....     24%         3    ####...
 Shroud of Golubria       Chrm/Tloc      ##........   32%         2    ###....
 Summon Lightning Spire   Summ/Air       ####....     38%         4    #####..
 Call Canine Familiar     Summ           ##......     47%         3    ####...
 Animate Skeleton         Necr           N/A          52%         1    ##.....
 Apportation              Tloc           #.....       52%         1    ##.....
 Beastly Appendage        Tmut           #.....       52%         1    ##.....
 Confusing Touch          Hex            #.....       52%         1    ##.....
 Corona                   Hex            #......      52%         1    ##.....
 Pain                     Necr           #...         52%         1    ##.....
 Regeneration             Chrm/Necr      ##........   54%         3    ####...
 Spectral Weapon          Hex/Chrm       ##......     54%         3    ####...
 Corpse Rot               Necr           N/A          67%         2    ###....
 Slow                     Hex            #.......     67%         2    ###....
 Sticks to Snakes         Tmut           #.......     67%         2    ###....
 Sublimation of Blood     Necr           #.........   67%         2    ###....
 Confuse                  Hex            #.......     88%         3    ####...
 Gell's Gravitas          Tloc           #.........   88%         3    ####...
 Ignite Poison            Fire/Tmut/Pois #.......     88%         3    ####...
 Inner Flame              Hex/Fire       #.......     88%         3    ####...
 Lesser Beckoning         Tloc           #.........   88%         3    ####...
 Portal Projectile        Hex/Tloc       #.....       88%         3    ####...
 Spider Form              Tmut/Pois      #.........   88%         3    ####...
 Tukima's Dance           Hex            #.......     88%         3    ####...
 Vampiric Draining        Necr           #.........   88%         3    ####...
 Lightning Bolt           Conj/Air       ###.......   91%         5    ######.
 Silence                  Hex/Air        ###.......   91%         5    ######.
 Summon Ice Beast         Ice/Summ       #.......     97%         4    #####..
 Animate Dead             Necr           N/A          99%         4    #####..
 Cause Fear               Hex            #.........   99%         4    #####..
 Ice Form                 Ice/Tmut       #.......     99%         4    #####..
 Leda's Liquefaction      Hex/Erth       #.........   99%         4    #####..
 Petrify                  Tmut/Erth      #.......     99%         4    #####..
 Excruciating Wounds      Chrm/Necr      ##........   99%         5    ######.
 Iskenderun's Battlesphe  Conj/Chrm      ##......     99%         5    ######.
 Deflect Missiles         Chrm/Air       ####......   99%         6    #######
 Agony                    Necr           #.......     100%        5    ######.
 Alistair's Intoxication  Tmut/Pois      #.......     100%        5    ######.
 Blade Hands              Tmut           #.........   100%        5    ######.
 Bolt of Draining         Conj/Necr      #.........   100%        5    ######.
 Dispel Undead            Necr           #.......     100%        5    ######.
 Fireball                 Conj/Fire      #.........   100%        5    ######.
 Metabolic Englaciation   Hex/Ice        #.........   100%        5    ######.
 Summon Mana Viper        Hex/Summ       #.......     100%        5    ######.
 Venom Bolt               Conj/Pois      #.........   100%        5    ######.
 Yara's Violent Unravell  Hex/Tmut       #.........   100%        5    ######.
 Bolt of Cold             Conj/Ice       #.........   100%        6    #######
 Bolt of Fire             Conj/Fire      #.........   100%        6    #######
 Conjure Ball Lightning   Conj/Air       ###.......   100%        6    #######
 Freezing Cloud           Conj/Ice/Air   ##........   100%        6    #######
 Invisibility             Hex            #.......     100%        6    #######
 Iron Shot                Conj/Erth      #.........   100%        6    #######
 Ozocubu's Refrigeration  Ice            #.........   100%        6    #######
 Poison Arrow             Conj/Pois      #.........   100%        6    #######
 Simulacrum               Ice/Necr       #.........   100%        6    #######
 Statue Form              Tmut/Erth      #........    100%        6    #######
 Malign Gateway           Summ/Tloc      #.........   100%        7    #######
 Monstrous Menagerie      Summ           ##........   100%        7    #######
 Orb of Destruction       Conj           #.........   100%        7    #######
 Ring of Flames           Chrm/Fire      ##........   100%        7    #######
 Spellforged Servitor     Conj/Summ      #.........   100%        7    #######
 Summon Greater Demon     Summ           ##........   100%        7    #######
 Summon Hydra             Summ           ##........   100%        7    #######
 Chain Lightning          Conj/Air       ###.......   100%        8    #######
 Discord                  Hex            #.........   100%        8    #######
 Ignition                 Fire           #.........   100%        8    #######
 Lehudib's Crystal Spear  Conj/Erth      #.........   100%        8    #######
 Summon Horrible Things   Summ           ##........   100%        8    #######
 Fire Storm               Conj/Fire      #.........   100%        9    #######
 Glaciate                 Conj/Ice       #.........   100%        9    #######
 Shatter                  Erth           #.........   100%        9    #######
 Tornado                  Air            #####.....   100%        9    #######


Dungeon Overview and Level Annotations

Branches:
Dungeon (15/15)            Temple (1/1) D:6            Lair (6/6) D:11
 Shoals (4/4) Lair:4        Snake (4/4) Lair:4        Slime (0/5) Lair:6
    Orc (2/2) D:12            Elf (3/3) Orc:2        Vaults (5/5) D:14
  Crypt (3/3) Vaults:3       Tomb (0/3) Crypt:3      Depths (5/5) D:15
    Zot (0/5) Depths:5

Altars:
Ashenzari
Cheibriados
Dithmenos
Elyvilon
Fedhas
Gozag
Hepliaklqana
Kikubaaqudgha
Makhleb
Nemelex Xobeh
Okawaru
Qazlal
Ru
Sif Muna
Trog
Uskayaw
Vehumet
Wu Jian
Xom
Yredelemnul
Zin
The Shining One
Beogh

Shops:
D:4 %   D:13 }   D:14 :*   Orc:2 **(!   Elf:3 *(   Shoals:3 %   Snake:1 ([
Snake:4 *   Vaults:3 =   Vaults:4 *   Depths:1 *?   Depths:3 (   Depths:5 [

Portals:
Hell: Depths:1 Depths:2 Depths:3 Depths:4 Depths:5
Abyss: Depths:1 Depths:2 Depths:4
Pandemonium: Depths:1 Depths:3
Ziggurat: Depths:4
Trove: Elf:3 (give 15 scrolls of teleportation)

Annotations:
D:7 1 runed door


Innate Abilities, Weirdness & Mutations

You have razor-sharp teeth.
You heal very quickly.
When hurt, damage is shared between your health and your magic reserves.
Your bite disrupts and absorbs the magic of your enemies.
Potions cannot restore your health.
You are immune to rotting.
You tend to lose your temper in combat.
You are clumsy. (Dex -2)
You are weak. (Str -2)


Message History

The starspawn tentacle constricts you.
A starspawn tentacle segment comes into view.
The spatial maelstrom hits you!
* * * LOW HITPOINT WARNING * * *
You are suddenly pulled into a different region of the Abyss!
A red very ugly thing comes into view.
You can move again.
Found a corrupted altar of Lugonu.
A large abomination comes into view.
Unknown command.
As you read the scroll of fog, it crumbles to dust.
The scroll dissolves into smoke.
As you read the scroll of teleportation, it crumbles to dust.
You feel strangely stable.
The Hell Sentinel roars!
The red very ugly thing gurgles horribly!
You hear a shout!
The Hell Sentinel gestures at you. The iron shot hits you!
You die...

≈≈≈≈.≈≈≈≈≈.≈..
.≈≈..≈≈≈.≈.u..#..
..≈..≈≈≈≈≈≈....#..
..#.≈≈≈≈≈≈..#..#.
.........X.§#..#
#.........§§..#
........§§§§§§.####
....#..§§1§§§§..._.
.......@§§§§§§.....
.....≈≈§§§§§§ #.###
...≈≈#####≈≈ §.#
..≈≈ # ≈≈..# ..≈
##≈.... .. ≈..... #
≈...... ≈ .....


You could see a Hell Sentinel.

Vanquished Creatures
  2 ancient liches
  Mennas (Depths:5)
  Sojobo (Depths:1)
  Boris (Vaults:5)
  Frederick (Vaults:2)
  Xtahua (Depths:5)
  5 caustic shrikes (Depths:5)
  Nikola (Depths:1)
  Jory (Vaults:2)
  2 golden dragons
  5 bone dragons
  A profane servitor (Crypt:3)
  2 hellephants (Abyss:2)
  A tentacled monstrosity (Vaults:5)
  4 liches
  3 deep elf master archers (Elf:3)
  5 deep elf blademasters
  A quicksilver dragon (Depths:5)
  5 titans (Vaults:5)
  2 Executioners
  20 tentacled starspawn
  3 ancient champions
  A thorn hunter (Abyss:3)
  6 sphinxes
  6 storm dragons
  A draconian monk (Depths:5)
  7 tengu reavers
  Kirke (Shoals:3)
  4 shadow dragons
  15 nagarajas
  4 revenants
  9 fire giants
  A fire giant (shapeshifter) (Depths:5)
  Louise (Depths:1)
  3 balrugs
  5 deep elf sorcerers
  18 vault wardens
  12 frost giants
  A daeva (Abyss:1)
  An iron dragon (Depths:5)
  Aizul (Snake:2)
  A ghoul (Crypt:3)
  6 deep elf elementalists
  A curse skull (Crypt:1)
  A draconian shifter (Abyss:2)
  A draconian annihilator (Depths:5)
  2 reapers
  11 ironheart preservers
  A cacodemon (Abyss:1)
  A war gargoyle (Vaults:5)
  29 very ugly things
  2 entropy weavers
  2 green draconians (Depths:5)
  21 stone giants
  5 deep elf annihilators (Elf:3)
  9 vampire knights
  6 deep elf demonologists
  2 spark wasps (Depths:2)
  A black draconian (Depths:5)
  A dire elephant (Abyss:3)
  A purple draconian (Depths:5)
  A lorocyproca (Abyss:1)
  The ghost of Folque the Geomancer, a journeyman OpWz of Sif Muna (D:14)
  A yellow draconian (Depths:5)
  4 merfolk javelineers
  10 deep elf death magi
  Snorg (Lair:3)
  An eidolon (Abyss:3)
  12 fire dragons
  3 green deaths
  17 ettins
  A blizzard demon (Abyss:1)
  A spectral quicksilver dragon (Crypt:3)
  11 great orbs of eyes
  11 jiangshi
  2 crystal guardians
  11 merfolk impalers
  A great orb of eyes (shapeshifter) (Vaults:4)
  Fannar (Lair:1)
  24 yaktaur captains
  A hell beast (Depths:3)
  12 ice dragons
  4 deep elf high priests
  35 vault guards
  Harold (D:11)
  7 rakshasas
  13 naga warriors
  Erica (D:8)
  2 alligator snapping turtles
  4 hydras
  4 merfolk avatars
  6 spriggan air magi
  4 satyrs
  27 dancing weapons
  2 deep troll earth magi
  7 centaur warriors
  3 death yaks (Lair:6)
  10 death knights
  13 anacondas
  16 ogre magi
  3 merfolk aquamancers
  An anaconda (shapeshifter) (Depths:4)
  A tengu warrior (D:15)
  48 two-headed ogres
  6 deep troll shamans
  An orc high priest (Elf:2)
  26 thrashing horrors
  2 spriggan berserkers (Depths:4)
  11 naga sharpshooters
  6 vampire magi
  9 shock serpents
  40 hell knights
  4 soul eaters
  4 sun demons
  13 deep elf knights
  4 shadow wraiths
  4 iron trolls
  A fire crab (shapeshifter) (Depths:3)
  29 skeletal warriors
  8 spatial maelstroms
  15 wretched stars
  2 titan skeletons
  2 golden dragon zombies
  2 sixfirhies
  7 unseen horrors
  A death drake (shapeshifter) (Abyss:2)
  5 salamander mystics
  A death drake (Abyss:3)
  18 deep trolls
  13 flayed ghosts
  A storm dragon skeleton (Vaults:3)
  A quicksilver dragon simulacrum (Crypt:2)
  14 sea snakes
  15 phantasmal warriors
  6 wizards
  A shadow demon (Depths:3)
  A ghost moth zombie (Abyss:3)
  8 glowing orange brains
  6 naga ritualists
  A sea snake (shapeshifter) (Vaults:2)
  An obsidian statue (D:14)
  16 harpies
  An anaconda skeleton (Abyss:3)
  A swamp dragon (shapeshifter) (Vaults:3)
  13 ironbrand convokers
  18 deep elf archers
  2 shadow dragon zombies
  A mana viper (shapeshifter) (Vaults:5)
  A frost giant zombie (Crypt:1)
  15 necromancers
  14 cyclopes
  10 manticores
  7 wolf spiders
  24 orc knights
  7 mana vipers
  7 oklob plants
  70 deep elf magi
  13 orc sorcerers
  51 large abominations
  6 fauns
  A shining eye (Abyss:1)
  13 slime creatures
  54 ugly things
  15 salamanders
  10 worldbinders
  8 merfolk sirens
  2 stone giant skeletons
  2 guardian serpents (shapeshifter)
  2 rust devils
  2 dire elephant zombies
  An elephant (D:11)
  A stone giant zombie (Vaults:3)
  A frost giant skeleton (Abyss:3)
  5 vault sentinels
  11 guardian serpents
  A molten gargoyle (Depths:2)
  7 water nymphs
  3 ice statues (IceCv)
  Joseph (Lair:1)
  31 black mambas
  A black mamba (shapeshifter) (Abyss:3)
  4 apocalypse crabs
  12 naga magi
  3 centaur zombies
  13 spiny frogs
  A torpor snail (Lair:6)
  4 orange demons
  15 smoke demons
  A minotaur zombie (Crypt:1)
  An alligator snapping turtle zombie (Crypt:2)
  A shock serpent zombie (Crypt:3)
  A dire elephant skeleton (Abyss:3)
  3 komodo dragons
  An efreet (Abyss:3)
  A kobold demonologist (D:14)
  2 hellions
  2 demonic crawlers
  A grey draconian zombie (Crypt:2)
  5 rime drakes
  56 yaktaurs
  11 freezing wraiths
  A human skeleton (Vaults:1)
  7 red devils
  3 hellwings
  8 ice devils
  3 tengu conjurers
  A jumping spider (shapeshifter) (Vaults:1)
  A hornet (shapeshifter) (Vaults:3)
  21 ancient zymes
  A jumping spider (Vaults:4)
  12 trolls
  A tyrant leech (shapeshifter) (Vaults:5)
  25 merfolk
  2 wolf spider simulacra
  2 red draconian skeletons (Crypt:2)
  9 hornets
  2 queen bees (shapeshifter)
  A troll (shapeshifter) (Abyss:2)
  27 raiju
  2 blink frogs (shapeshifter)
  A hydra zombie (Abyss:2)
  2 hydra skeletons
  7 polar bears
  A raiju (shapeshifter) (Depths:2)
  15 snapping turtles
  15 hippogriffs
  8 wind drakes
  18 blink frogs
  An iron dragon simulacrum (Crypt:2)
  36 dream sheep
  A fire giant simulacrum (Vaults:3)
  2 hippogriffs (shapeshifter)
  5 air elementals
  51 flying skulls
  3 redbacks (Vaults:5)
  An alligator skeleton (Crypt:2)
  5 shadows
  A shock serpent simulacrum (Abyss:3)
  12 wraiths
  A spriggan (shapeshifter) (Depths:3)
  17 spriggans
  5 fire bats (Abyss:3)
  3 wyverns
  13 ynoxinuls
  A hog (Shoals:3)
  4 vampires
  A hog (shapeshifter) (Vaults:3)
  18 humans (D:14)
  20 water elementals
  28 yaks
  5 hungry ghosts
  3 golden eyes (Abyss:2)
  4 basilisks
  7 fire elementals
  9 neqoxecs
  A yaktaur simulacrum (Vaults:1)
  7 vampire mosquitoes
  11 chaos spawn
  11 wargs
  A swamp worm (shapeshifter) (Vaults:1)
  2 acid dragons (Vaults:1)
  12 spatial vortices (Abyss:3)
  5 insubstantial wisps
  9 water moccasins
  2 hell hounds
  36 small abominations
  A harpy simulacrum (D:15)
  43 nagas
  A deep troll skeleton (Vaults:4)
  A hornet zombie (D:9)
  10 porcupines
  A floating eye (Depths:4)
  2 sky beasts
  6 black bears
  An ettin simulacrum (Vaults:4)
  38 starcursed masses
  35 orc warriors
  2 phantoms
  An eye of draining (shapeshifter) (Depths:2)
  An eye of draining (Abyss:3)
  6 ice beasts
  6 necrophages
  A snapping turtle zombie (Abyss:2)
  35 ogres
  17 boggarts
  A dream sheep zombie (Crypt:1)
  2 tengu (shapeshifter)
  22 wolves
  10 centaurs
  A snapping turtle skeleton (Abyss:3)
  15 crocodiles
  An elf simulacrum (Vaults:1)
  4 big kobolds
  5 earth elementals
  4 gnoll sergeants (D:12)
  2 human zombies
  18 bullfrogs
  A komodo dragon skeleton (Crypt:1)
  A glowing shapeshifter simulacrum (Vaults:3)
  A warg zombie (Crypt:1)
  7 scorpions
  7 killer bees
  21 wights
  2 human simulacra
  An orc simulacrum (Vaults:1)
  A manticore simulacrum (Abyss:2)
  An electric eel (Lair:4)
  16 crimson imps
  4 draconian simulacra (IceCv)
  4 quasits
  2 hounds
  17 orc priests
  3 centaur skeletons
  3 jellies
  2 bullfrog skeletons
  4 iron imps
  40 orc wizards
  Jessica (D:3)
  2 iguanas
  Natasha (thrice) (D:2)
  2 spriggan simulacra (IceCv)
  2 troll simulacra (IceCv)
  13 worker ants
  Ijyb (D:3)
  A hell rat (Depths:1)
  2 centaur simulacra
  A demigod skeleton (Crypt:1)
  A dwarf skeleton (Crypt:2)
  2 hound zombies
  9 adders
  8 gnolls
  An ogre simulacrum (IceCv)
  2 steam dragon skeletons (Crypt:2)
  6 shadow imps
  7 white imps
  6 ufetubi
  An ooze (D:1)
  An adder skeleton (D:2)
  A worm (shapeshifter) (Vaults:1)
  4 worms
  A barachi zombie (Crypt:1)
  3 dart slugs
  A leopard gecko (D:1)
  108 orcs
  2 ball pythons
  5 giant cockroaches
  8 goblins
  12 hobgoblins
  17 jackals
  7 quokkas
  A ball python skeleton (Crypt:1)
  6 bats
  8 frilled lizards
  24 kobolds
  11 rats
  A rat skeleton (Crypt:1)
  A briar patch (Abyss:3)
  5 bushes (D:13)
  10 crawling corpses (Elf:3)
  2 lurking horrors
  5 pillars of salt
  12 plants
  10 starspawn tentacles
2802 creatures vanquished.

Vanquished Creatures (collateral kills)
  A vampire knight (Crypt:3)
  3 jiangshi (Crypt:3)
  A centaur warrior (D:13)
  3 skeletal warriors (Crypt:3)
  A shadow wraith (Crypt:3)
  A phantasmal warrior (Crypt:3)
  A necromancer (Crypt:3)
  A harpy skeleton (Crypt:3)
  3 flying skulls (Crypt:3)
  A shadow (Crypt:3)
  A wraith (Crypt:3)
  2 orc warriors (Bailey)
  3 centaurs (D:13)
  2 gnolls
  An orc (D:12)
  3 kobolds (Bailey)
28 creatures vanquished.

Vanquished Creatures (others)
  A deep elf master archer (Elf:3)
  4 stone giants
  2 merfolk javelineers (Shoals:4)
  3 yaktaur captains
  A rakshasa (Depths:1)
  A centaur warrior (Vaults:2)
  A two-headed ogre (Depths:1)
  A naga sharpshooter (Snake:4)
  A deep elf knight (Elf:3)
  An ironbrand convoker (Vaults:5)
  A deep elf mage (Elf:1)
  A manticore (D:14)
  An ugly thing (Depths:1)
  A cyclops (Shoals:3)
  16 yaktaurs
  A merfolk (Shoals:2)
  A hornet (Depths:4)
  2 flying skulls (Abyss:3)
  2 humans
  4 nagas (Snake:4)
  A spatial vortex (Abyss:3)
  A porcupine (Lair:1)
  13 centaurs
  An ogre (Depths:1)
  A small abomination (Abyss:1)
  An orc wizard (Orc:2)
  A ball lightning (Depths:3)
  A goblin (D:3)
  7 kobolds (Bailey)
  4 briar patches (Abyss:3)
  2 demonic plants (Abyss:3)
  3 lurking horrors (Abyss:3)
  39 pillars of salt
  23 plants
  51 starspawn tentacles
  8 tentacles (Shoals:2)
203 creatures vanquished.

Grand Total: 3033 creatures vanquished

Notes
Turn   | Place    | Note
-------+----------+-------------------------------------------
     0 | D:1      | Heatsaber the Vine Stalker Fighter began the quest for the
                  | Orb.
     0 | D:1      | Reached XP level 1. HP: 11/11 MP: 2/2
    98 | D:1      | Reached XP level 2. HP: 16/16 MP: 3/3
   342 | D:1      | Reached XP level 3. HP: 18/19 MP: 4/4
   507 | D:1      | Reached skill level 3 in Shields
   905 | D:2      | Gained mutation: Your natural rate of healing is unusually
                  | fast. [Vine Stalker growth]
   905 | D:2      | Reached XP level 4. HP: 19/24 MP: 3/5
   983 | D:2      | Noticed an ice beast
   995 | D:2      | Killed an ice beast
   995 | D:2      | Reached XP level 5. HP: 28/28 MP: 6/6
  1219 | D:2      | Noticed Natasha
  1227 | D:2      | Killed Natasha
  1340 | D:2      | Noticed Natasha
  1348 | D:2      | Killed Natasha
  1348 | D:2      | Reached XP level 6. HP: 24/32 MP: 5/7
  1476 | D:2      | Noticed Natasha
  1494 | D:2      | Killed Natasha
  1639 | D:3      | Found a radiant altar of Vehumet.
  1774 | D:3      | Found a faded altar of an unknown god.
  2088 | D:3      | Noticed Ijyb
  2089 | D:3      | Paralysed by Ijyb for 6 turns
  2111 | D:3      | Paralysed by Ijyb for 3 turns
  2118 | D:3      | Killed Ijyb
  2198 | D:3      | Noticed Jessica
  2204 | D:3      | Killed Jessica
  2594 | D:4      | Reached XP level 7. HP: 37/37 MP: 8/8
  2736 | D:4      | Found Dikkossu's Food Shoppe.
  2888 | D:4      | Reached skill level 4 in Shields
  3067 | D:5      | Entered Level 5 of the Dungeon
  3486 | D:6      | Reached skill level 5 in Short Blades
  3555 | D:6      | Found a staircase to the Ecumenical Temple.
  3574 | D:6      | Gained mutation: You have razor-sharp teeth. [Vine Stalker
                  | growth]
  3574 | D:6      | Reached XP level 8. HP: 42/42 MP: 9/9
  3581 | Temple   | Entered the Ecumenical Temple
  3704 | Temple   | Became a worshipper of Elyvilon the Healer
  3843 | D:6      | Reached skill level 1 in Invocations
  4142 | D:7      | Found a white marble altar of Elyvilon.
  4145 | D:7      | Found a runed door.
  4145 | D:7      | Noticed an angel
  4190 | D:7      | Reached skill level 5 in Fighting
  4190 | D:7      | Reached skill level 5 in Shields
  4242 | D:7      | Reached * piety under Elyvilon
  4302 | D:7      | Reached XP level 9. HP: 47/47 MP: 12/12
  4798 | D:8      | Noticed Erica
  4819 | D:8      | Killed Erica
  4819 | D:8      | Reached skill level 5 in Armour
  4819 | D:8      | Reached skill level 5 in Invocations
  4874 | D:8      | Noticed a brown ugly thing
  4919 | D:8      | Killed a brown ugly thing
  4919 | D:8      | Reached XP level 10. HP: 29/53 MP: 8/15
  5025 | D:8      | Noticed a two-headed ogre
  5045 | D:8      | Killed a two-headed ogre
  5045 | D:8      | Reached skill level 6 in Shields
  5206 | D:8      | Got a twisted robe
  5217 | D:8      | Identified the +2 robe "Qolengor" {MP+9 Dex-5 SInv} (You
                  | found it on level 8 of the Dungeon)
  5252 | D:8      | Found a shadowy altar of Dithmenos.
  5253 | D:8      | Found a shimmering altar of Xom.
  5300 | D:8      | Found an iron altar of Okawaru.
  5300 | D:8      | Found a hide-covered altar of Uskayaw.
  5322 | D:8      | Found a sparkling altar of Nemelex Xobeh.
  5782 | D:9      | Reached ** piety under Elyvilon
  6295 | D:9      | Reached XP level 11. HP: 58/58 MP: 17/17
  6444 | D:10     | Entered Level 10 of the Dungeon
  6673 | D:10     | Learned a level 2 spell: Song of Slaying
  7474 | D:11     | Noticed a two-headed ogre
  7501 | D:11     | Killed a two-headed ogre
  7501 | D:11     | Reached skill level 1 in Charms
  7575 | D:11     | Reached *** piety under Elyvilon
  7595 | D:11     | Noticed Harold
  7615 | D:11     | Killed Harold
  7716 | D:11     | Found a shimmering altar of Xom.
  7751 | D:11     | Reached skill level 7 in Shields
  7831 | D:11     | Found a staircase to the Lair.
  7832 | D:11     | Noticed a seven-headed hydra
  7864 | D:11     | Killed a two-headed hydra
  8515 | D:12     | Found a flagged portal.
  8550 | Bailey   | Entered a bailey
  8923 | D:12     | Noticed a deep elf mage
  8939 | D:12     | Killed a deep elf mage
  9067 | D:12     | Reached **** piety under Elyvilon
  9322 | D:12     | Gained mutation: You heal very quickly. [Vine Stalker
                  | growth]
  9322 | D:12     | Reached XP level 12. HP: 53/63 MP: 17/19
  9614 | D:12     | Found a staircase to the Orcish Mines.
  9657 | D:12     | Reached skill level 10 in Short Blades
  9879 | D:12     | Upgraded the game from 0.22.1 to 0.22.1-1-ga44c0e5
  9978 | Lair:1   | Entered Level 1 of the Lair of Beasts
 10106 | Lair:1   | Noticed Fannar
 10154 | Lair:1   | Killed Fannar
 10287 | Lair:1   | Noticed Joseph
 10296 | Lair:1   | Killed Joseph
 10656 | Lair:2   | Noticed a six-headed hydra
 10667 | Lair:2   | Killed a two-headed hydra
 10672 | Lair:2   | Reached ***** piety under Elyvilon
 10742 | Lair:2   | Reached skill level 8 in Shields
 11342 | Lair:3   | Noticed Snorg
 11362 | Lair:3   | Killed Snorg
 11362 | Lair:3   | Reached skill level 5 in Charms
 11362 | Lair:3   | Reached XP level 13. HP: 39/81 MP: 13/24
 11774 | Lair:3   | Got a bronze ring mail
 11785 | Lair:3   | Identified the +4 ring mail "Itumopro" {rC+ Str+5} (You
                  | found it on level 3 of the Lair of Beasts)
 12403 | Lair:4   | Found a staircase to the Snake Pit.
 12468 | Lair:4   | Found a staircase to the Shoals.
 13236 | Lair:5   | Reached ****** piety under Elyvilon
 13462 | Lair:5   | Reached skill level 9 in Shields
 14119 | Snake:1  | Entered Level 1 of the Snake Pit
 14754 | Snake:1  | Reached skill level 10 in Invocations
 14802 | Snake:1  | Reached XP level 14. HP: 35/75 MP: 22/22
 14878 | Snake:1  | Found Kergh's Antique Armour Emporium.
 14886 | Snake:1  | Bought a twisted chain mail for 256 gold pieces
 14886 | Snake:1  | Bought a runed helmet for 202 gold pieces
 14909 | Snake:1  | Identified the +10 chain mail of Classification {MR+ Regen+
                  | Int+4} (You bought it in a shop on level 1 of the Snake
                  | Pit)
 14913 | Snake:1  | Found Caybeid's Weapon Shoppe.
 15701 | Orc:1    | Entered Level 1 of the Orcish Mines
 15812 | Orc:1    | Found a frozen archway.
 15874 | IceCv    | Entered an ice cave
 16733 | IceCv    | Got a crude glaive {protect}
 16984 | Temple   | Fell from the grace of Elyvilon
 16984 | Temple   | Became a worshipper of Zin the Law-Giver
 16984 | Temple   | Reached * piety under Zin
 16984 | Temple   | Reached ** piety under Zin
 16984 | Temple   | Reached *** piety under Zin
 16984 | Temple   | Reached **** piety under Zin
 17203 | Orc:1    | Reached ***** piety under Zin
 17298 | Orc:2    | Entered Level 2 of the Orcish Mines
 17317 | Orc:2    | Noticed a stone giant
 17323 | Orc:2    | Killed a stone giant
 17462 | Orc:2    | Found a staircase to the Elven Halls.
 17621 | Orc:2    | Found Efapp's Antique Weapon Emporium.
 17621 | Orc:2    | Found Evevvire's Distillery.
 17639 | Orc:2    | Found a roughly hewn altar of Beogh.
 17661 | Orc:2    | Bought an ancient short sword for 288 gold pieces
 17665 | Orc:2    | Identified the +0 short sword of Okawaru's Esteem {pierce,
                  | *Corrode Str+6} (You bought it in a shop on level 2 of the
                  | Orcish Mines)
 17923 | Orc:2    | Reached ****** piety under Zin
 18034 | Orc:2    | Found Igisoth's Assorted Antiques.
 18034 | Orc:2    | Found Aguugg's General Store.
 18040 | Orc:2    | Bought a pair of runed gloves for 202 gold pieces
 18062 | Orc:2    | Bought a scroll of teleportation for 36 gold pieces
 18062 | Orc:2    | Bought a potion of haste for 120 gold pieces
 18062 | Orc:2    | Bought a potion of resistance for 120 gold pieces
 18231 | D:13     | Reached skill level 10 in Shields
 18362 | D:13     | Found Dyguemue's Gadget Boutique.
 18398 | D:13     | Reached skill level 10 in Fighting
 18919 | Shoals:1 | Entered Level 1 of the Shoals
 19246 | Shoals:1 | Reached XP level 15. HP: 80/80 MP: 23/23
 20040 | Shoals:2 | Learned a level 2 spell: Swiftness
 20042 | Shoals:2 | Learned a level 1 spell: Summon Butterflies
 20047 | Shoals:2 | Learned a level 4 spell: Airstrike
 20053 | Shoals:2 | Learned a level 5 spell: Bolt of Magma
 20456 | Shoals:2 | Reached skill level 1 in Summonings
 20516 | Shoals:2 | Noticed a kraken
 20964 | Shoals:3 | Reached skill level 1 in Dodging
 21044 | Shoals:3 | Found Imyforen's Food Shoppe.
 21225 | Shoals:3 | Noticed Kirke
 21252 | Shoals:3 | Killed Kirke
 21308 | Shoals:3 | Reached skill level 10 in Armour
 21508 | Shoals:4 | Entered Level 4 of the Shoals
 21715 | Shoals:4 | Reached skill level 11 in Shields
 21715 | Shoals:4 | Reached XP level 16. HP: 86/86 MP: 25/25
 21866 | Shoals:4 | Got a bound pewter ring
 21868 | Shoals:4 | Identified the ring of Vaharo {rElec rC+} (You found it on
                  | level 4 of the Shoals)
 22085 | Shoals:4 | Identified the ring of Equivalence {*Tele rPois Str+8} (You
                  | found it on level 4 of the Shoals)
 22176 | Shoals:4 | Found the amulet of Vitality {Regen+ HP+15}
 22848 | Shoals:4 | Got a barnacled rune of Zot
 23686 | Lair:6   | Entered Level 6 of the Lair of Beasts
 24135 | Lair:6   | Reached skill level 5 in Dodging
 24165 | Lair:6   | Reached skill level 12 in Shields
 24316 | Lair:6   | Found a staircase to the Slime Pits.
 24968 | Snake:2  | Reached XP level 17. HP: 93/93 MP: 27/27
 25474 | Snake:2  | Noticed Aizul
 25515 | Snake:2  | Killed Aizul
 26183 | Snake:3  | Found a basalt altar of Yredelemnul.
 27333 | Snake:4  | Entered Level 4 of the Snake Pit
 27351 | Snake:4  | Reached skill level 13 in Shields
 27374 | Snake:4  | Found Mucecogrya's Assorted Antiques.
 27382 | Snake:4  | Bought a scroll of teleportation for 99 gold pieces
 27382 | Snake:4  | Bought a potion of curing for 99 gold pieces
 27382 | Snake:4  | Bought a runed scarf for 264 gold pieces
 27837 | Snake:4  | Reached XP level 18. HP: 42/100 MP: 20/29
 28559 | Snake:4  | Reached skill level 14 in Shields
 28798 | Snake:4  | Got a serpentine rune of Zot
 29145 | Elf:1    | Entered Level 1 of the Elven Halls
 29488 | Elf:1    | Reached skill level 15 in Invocations
 29489 | Elf:1    | Cast into level 2 of the Abyss (war axe of distortion)
 29772 | Abyss:2  | Noticed a hellephant
 29788 | Abyss:2  | Killed a hellephant
 29814 | Elf:1    | Escaped the Abyss
 29826 | Elf:1    | HP: 3/102 [war axe of distortion (8)]
 29935 | Elf:1    | Reached XP level 19. HP: 107/107 MP: 24/31
 30823 | Elf:2    | Reached skill level 15 in Shields
 30871 | Elf:2    | Reached skill level 15 in Fighting
 31149 | Elf:2    | Found a runed gate.
 31149 | Elf:2    | Found a runed gate.
 31150 | Elf:2    | Found a runed gate.
 32455 | Elf:3    | Entered Level 3 of the Elven Halls
 32536 | Elf:3    | Found Ereavvay's Antique Weapon Emporium.
 32906 | Elf:3    | Reached XP level 20. HP: 113/113 MP: 33/33
 33249 | Elf:3    | Noticed a Brimstone Fiend
 33804 | Elf:3    | Got a slimy copper ring
 33819 | Elf:3    | Got a crude silver amulet
 33821 | Elf:3    | Identified the amulet "Gupom" {Inacc *Drain rElec Str+5
                  | Stlth+} (You found it on level 3 of the Elven Halls)
 33827 | Elf:3    | Identified the ring "Earthly Heaven" {+Inv rF+ Int+3} (You
                  | took it off a deep elf archer on level 3 of the Elven
                  | Halls)
 33937 | Elf:3    | Identified the cursed -6 helmet of Irphuef {Str+2} (You
                  | found it on level 3 of the Elven Halls)
 33946 | Elf:3    | Identified the Incunabulum of Floating Good Luck
 34073 | Elf:3    | Got a scorched bronze ring
 34075 | Elf:3    | Identified the ring of Feffiff {+Fly rPois rF- Str+3 Int+4}
                  | (You took it off a deep elf mage on level 3 of the Elven
                  | Halls)
 34262 | Elf:3    | Found Hurgh's Assorted Antiques.
 34270 | Elf:3    | Bought a twisted agate ring for 200 gold pieces
 34357 | Elf:3    | Found a portal to a secret trove of treasure.
 34671 | D:14     | Found a shattered altar of Ashenzari.
 34857 | D:14     | Found a runed gate.
 34858 | D:14     | Found a runed gate.
 34858 | D:14     | Found a runed gate.
 34859 | D:14     | Found an opulent altar of Gozag.
 34982 | D:14     | Noticed Folque's ghost (journeyman OpWz)
 34987 | D:14     | Found Veuni's Assorted Antiques.
 35216 | D:14     | Found a gate to the Vaults.
 35338 | D:14     | Found Vemnol's Book Boutique.
 35524 | D:14     | Killed Folque's ghost
 35663 | D:14     | Bought a scroll of blinking for 285 gold pieces
 35663 | D:14     | Bought a warped lead amulet for 190 gold pieces
 35672 | D:14     | Identified the amulet of Butchery {Gourm rC+ Str+4} (You
                  | bought it in a shop on level 14 of the Dungeon)
 35729 | D:15     | Entered Level 15 of the Dungeon
 35950 | D:15     | Reached skill level 10 in Dodging
 36147 | D:15     | Found a staircase to the Depths.
 36428 | Depths:1 | Entered Level 1 of the Depths
 36484 | Depths:1 | Noticed Sojobo
 36491 | Depths:1 | Noticed Nikola
 36528 | Depths:1 | Killed Sojobo
 36591 | Depths:1 | Killed Nikola
 36595 | Depths:1 | Reached XP level 21. HP: 63/117 MP: 34/34
 36691 | Depths:1 | Found a flickering gateway to a bazaar.
 36691 | Depths:1 | Found Vian Dut's Magic Scroll Boutique.
 36697 | Depths:1 | Found Xoypp's General Store.
 36734 | Bazaar   | Entered a bazaar
 36737 | Bazaar   | Found Lotzooj's Armour Shop.
 36765 | Bazaar   | Found Myerch's Antique Weapon Shop.
 36767 | Bazaar   | Found Plog's General Store.
 36770 | Bazaar   | Bought an ichor-stained rapier for 126 gold pieces
 36776 | Bazaar   | Bought a scroll of magic mapping for 45 gold pieces
 36776 | Bazaar   | Bought a scroll of blinking for 97 gold pieces
 36776 | Bazaar   | Found Nane's Magic Scroll Boutique.
 36784 | Bazaar   | Bought a scroll of teleportation for 33 gold pieces
 36784 | Bazaar   | Bought a scroll of teleportation for 33 gold pieces
 36784 | Bazaar   | Bought a scroll of teleportation for 33 gold pieces
 36810 | Depths:1 | Identified the +4 rapier of Crystal {pierce, *Drain rC+
                  | Str+3} (You bought it in a shop in a bazaar)
 36833 | Depths:1 | Bought a scroll of fear for 70 gold pieces
 36833 | Depths:1 | Bought a scroll of fear for 70 gold pieces
 36833 | Depths:1 | Bought a scroll of fog for 40 gold pieces
 36833 | Depths:1 | Bought a scroll of fog for 40 gold pieces
 36833 | Depths:1 | Bought a scroll of enchant weapon for 150 gold pieces
 36837 | Depths:1 | Bought a ration for 65 gold pieces
 36837 | Depths:1 | Bought a scroll of enchant armour for 97 gold pieces
 36848 | Depths:1 | Found a runed gate.
 36848 | Depths:1 | Found a runed gate.
 36848 | Depths:1 | Found a runed gate.
 36879 | Depths:1 | Noticed Louise
 36932 | Depths:1 | Killed Louise
 36937 | Depths:1 | Identified the +7 large shield of Qaoshrec {rElec rC+} (You
                  | took it off Louise on level 1 of the Depths)
 36964 | Depths:1 | Found a one-way gate to the infinite horrors of the Abyss.
 37965 | Depths:1 | Found a gateway to Hell.
 38073 | Depths:1 | Found a one-way gate leading to the halls of Pandemonium.
 38465 | Depths:2 | Reached skill level 16 in Shields
 39552 | Depths:2 | Reached XP level 22. HP: 93/122 MP: 36/36
 39755 | Depths:2 | Reached skill level 17 in Shields
 39843 | Depths:3 | Reached skill level 1 in Evocations
 40312 | Depths:3 | Found the ring of Shadows {Umbra +Inv Stlth+}
 40752 | Depths:3 | Identified the +2 short sword "Dimyal" {freeze, rF+} (You
                  | found it on level 3 of the Depths)
 40888 | Depths:3 | Found Buwkojedd's Antique Weapon Shoppe.
 41085 | Depths:4 | Noticed a golden dragon
 41106 | Depths:4 | Killed a golden dragon
 41479 | Depths:4 | Reached skill level 18 in Shields
 41525 | Depths:4 | Reached skill level 5 in Evocations
 41592 | Depths:4 | Found a gateway to a ziggurat.
 41858 | Depths:5 | Entered Level 5 of the Depths
 42063 | Depths:5 | Reached XP level 23. HP: 98/126 MP: 32/37
 42120 | Depths:5 | Noticed a caustic shrike
 42121 | Depths:5 | Noticed a caustic shrike
 42122 | Depths:5 | Noticed a caustic shrike
 42122 | Depths:5 | Noticed a caustic shrike
 42122 | Depths:5 | Noticed a caustic shrike
 42140 | Depths:5 | Killed a caustic shrike
 42148 | Depths:5 | Killed a caustic shrike
 42155 | Depths:5 | Killed a caustic shrike
 42163 | Depths:5 | Killed a caustic shrike
 42168 | Depths:5 | Killed a caustic shrike
 42684 | Depths:5 | Noticed Xtahua
 42708 | Depths:5 | Killed Xtahua
 42760 | Depths:5 | Found Zippab's Antique Armour Boutique.
 42803 | Depths:5 | Noticed Mennas
 42905 | Depths:5 | Killed Mennas
 42905 | Depths:5 | Reached skill level 19 in Shields
 43020 | Depths:5 | Found a gate to the Realm of Zot.
 43466 | Depths:4 | Voluntarily entered the Abyss.
 43963 | Abyss:1  | Found a burning altar of Makhleb.
 44114 | Abyss:1  | Reached skill level 1 in Long Blades
 44114 | Abyss:1  | Reached XP level 24. HP: 90/131 MP: 37/37
 44608 | Abyss:2  | Paralysed by accursed screaming for 1 turns
 44613 | Abyss:2  | Paralysed by accursed screaming for 2 turns
 44618 | Abyss:2  | Paralysed by accursed screaming for 2 turns
 44802 | Abyss:2  | Paralysed by accursed screaming for 2 turns
 44811 | Abyss:2  | Paralysed by accursed screaming for 2 turns
 44821 | Abyss:2  | Paralysed by accursed screaming for 1 turns
 44825 | Abyss:2  | Paralysed by accursed screaming for 1 turns
 45641 | Depths:4 | Escaped the Abyss
 45796 | Depths:4 | Voluntarily entered the Abyss.
 46016 | Abyss:1  | Reached skill level 20 in Shields
 47567 | Abyss:3  | Reached skill level 5 in Long Blades
 47610 | Abyss:3  | Paralysed by accursed screaming for 1 turns
 47655 | Abyss:3  | Found an opulent altar of Gozag.
 47753 | Abyss:3  | Found an iron altar of Okawaru.
 48299 | Abyss:3  | Reached XP level 25. HP: 133/135 MP: 37/37
 48514 | Abyss:3  | Reached skill level 10 in Evocations
 48798 | Abyss:3  | Got an abyssal rune of Zot
 48802 | Abyss:3  | Found an ancient bone altar of Kikubaaqudgha.
 49015 | Abyss:3  | Found a hide-covered altar of Uskayaw.
 49204 | Abyss:3  | Reached skill level 15 in Armour
 49215 | Abyss:3  | Reached skill level 21 in Shields
 49475 | Abyss:3  | Reached skill level 1 in Air Magic
 49587 | Abyss:3  | Found a shadowy altar of Dithmenos.
 49628 | Abyss:3  | Found a shadowy altar of Dithmenos.
 49909 | Abyss:3  | Paralysed by accursed screaming for 2 turns
 49930 | Abyss:3  | Paralysed by accursed screaming for 1 turns
 50035 | Abyss:3  | Paralysed by accursed screaming for 1 turns
 50074 | Depths:4 | Escaped the Abyss
 50367 | Vaults:1 | Entered Level 1 of the Vaults
 51212 | Vaults:1 | Reached skill level 5 in Air Magic
 51631 | Vaults:1 | Reached XP level 26. HP: 121/140 MP: 37/37
 51645 | Vaults:1 | Reached skill level 1 in Stealth
 52419 | Vaults:2 | Noticed Frederick
 52439 | Vaults:2 | Reached skill level 22 in Shields
 52497 | Vaults:2 | Killed Frederick
 52723 | Vaults:2 | Noticed Jory
 52789 | Vaults:2 | Killed Jory
 52927 | Vaults:2 | Found the +8 glaive of the Guard {elec, +Rage AC+5 SInv}
 52934 | Vaults:2 | Reached skill level 5 in Stealth
 54640 | Vaults:3 | Found Sesexaowk's Jewellery Shoppe.
 54769 | Vaults:3 | Found a staircase to the Crypt.
 55581 | Vaults:4 | Reached XP level 27. HP: 144/144 MP: 37/37
 55735 | Vaults:4 | Reached skill level 23 in Shields
 56163 | Vaults:4 | Found Furghuh's General Store.
 56198 | Vaults:4 | Bought a ration for 95 gold pieces
 56198 | Vaults:4 | Bought a ration for 95 gold pieces
 56198 | Vaults:4 | Bought a ration for 95 gold pieces
 56616 | Vaults:5 | Entered Level 5 of the Vaults
 56635 | Vaults:5 | Reached skill level 10 in Stealth
 56828 | Vaults:5 | Reached skill level 10 in Air Magic
 57167 | Vaults:5 | Noticed an ancient lich
 57209 | Vaults:5 | Killed an ancient lich
 57209 | Vaults:5 | Reached skill level 24 in Shields
 57514 | Vaults:5 | Noticed Boris
 57551 | Vaults:5 | Killed Boris
 57913 | Vaults:5 | Got a creamy pearl robe
 57924 | Vaults:5 | Identified the +1 robe of the Amoeba {rC+} (You found it on
                  | level 5 of the Vaults)
 58233 | Vaults:5 | Identified the amulet "Usithue" {RegenMP rElec rPois rN+}
                  | (You took it off a vault guard on level 5 of the Vaults)
 58649 | Vaults:5 | Got a silver rune of Zot
 59486 | Temple   | Fell from the grace of Zin
 59486 | Temple   | Became a worshipper of the Shining One
 59486 | Temple   | Reached * piety under the Shining One
 59486 | Temple   | Reached ** piety under the Shining One
 59486 | Temple   | Reached *** piety under the Shining One
 59815 | Crypt:1  | Entered Level 1 of the Crypt
 59858 | Crypt:1  | Reached **** piety under the Shining One
 59922 | Crypt:1  | Reached skill level 25 in Shields
 60108 | Crypt:1  | Reached ***** piety under the Shining One
 60985 | Crypt:2  | Reached ****** piety under the Shining One
 61379 | Crypt:2  | Identified a scroll of acquirement
 61586 | Crypt:2  | Found the +12 Vampire's Tooth {vamp}
 61720 | Crypt:3  | Entered Level 3 of the Crypt
 61798 | Crypt:3  | Gained mutation: You are clumsy. (Dex -2) [mutagenic glow]
 61829 | Crypt:3  | Gained mutation: You are weak. (Str -2) [mutagenic glow]
 61862 | Crypt:3  | Gained mutation: You tend to lose your temper in combat.
                  | [mutagenic glow]
 62078 | Crypt:3  | Found a basalt altar of Yredelemnul.
 62323 | Crypt:3  | Noticed an ancient lich
 62336 | Crypt:3  | Killed an ancient lich
 62350 | Crypt:3  | Found a staircase to the Tomb.
 62359 | Crypt:3  | Found the +7 Singing Sword
 62942 | Vaults:3 | Bought the ring of Hilop {MP+9 Int+3 Dex+2 Stlth+} for 1078
                  | gold pieces
 63410 | Temple   | Fell from the grace of the Shining One
 63410 | Temple   | Became a worshipper of Zin the Law-Giver
 63701 | Depths:1 | Voluntarily entered the Abyss.
 63710 | Abyss:1  | Paralysed by accursed screaming for 1 turns
 63723 | Abyss:1  | Paralysed by accursed screaming for 1 turns
 63741 | Abyss:1  | Paralysed by accursed screaming for 2 turns
 63742 | Abyss:1  | Found a corrupted altar of Lugonu.
 63748 | Abyss:1  | Killed from afar by a Hell Sentinel

Skill      XL: |  1  2  3  4  5  6  7  8  9 10 11 12 13 14 15 16 17 18 19 20 21 22 23 24 25 26 27 |
---------------+----------------------------------------------------------------------------------+-----
Short Blades   | 2 3 4 5 6 7 8 9 11 12 13 14 | 14.0
Fighting       | 3 4 5 6 7 8 9 10 12 13 14 15 16 | 16.9
Shields        | 3 4 5 6 7 8 9 10 11 12 13 14 15 16 18 19 20 21 22 25 | 25.0
Armour         | 3 4 5 6 7 8 9 10 12 13 14 15 | 15.8
Invocations    | 3 5 7 8 9 10 11 12 14 15 16 17 18 | 18.9
Charms         | 3 5 |  5.0
Summonings     | 3 |  3.0
Dodging        | 2 5 7 10 | 10.0
Evocations     | 5 8 9 10 | 10.0
Long Blades    | 1 5 8 |  8.0
Air Magic      | 5 9 10 | 10.0
Stealth        | 9 10 | 10.0

Action                   |  1- 3 |  4- 6 |  7- 9 | 10-12 | 13-15 | 16-18 | 19-21 | 22-24 | 25-27 || total
-------------------------+-------+-------+-------+-------+-------+-------+-------+-------+-------++-------
Melee: Rapier            |   110 |   202 |   286 |   302 |  1484 |  1587 |  1422 |  1457 |       ||  6850
       Bite              |    24 |    69 |   110 |   349 |   691 |   808 |  1052 |  1806 |  2318 ||  7227
       Dagger            |       |       |    57 |   633 |       |       |       |       |       ||   690
       Scimitar          |       |       |       |    25 |     4 |       |       |       |       ||    29
       Short sword       |       |       |       |       |       |       |   267 |       |       ||   267
       Quick blade       |       |       |       |       |       |       |   429 |  1641 |  3600 ||  5670
       Eudemon blade     |       |       |       |       |       |       |       |   262 |   664 ||   926
 Fire: Hand crossbow     |       |       |       |     8 |     6 |       |       |       |       ||    14
Throw: Tomahawk          |       |       |       |     6 |     3 |       |       |       |       ||     9
 Cast: Song of Slaying   |       |       |       |     1 |     1 |     4 |     4 |     5 |    22 ||    37
       Swiftness         |       |       |       |       |       |     1 |     1 |       |       ||     2
       Airstrike         |       |       |       |       |       |       |       |       |    13 ||    13
Invok: Lesser Healing    |       |       |       |     1 |       |       |       |       |       ||     1
       Greater Healing   |       |       |       |     1 |     1 |       |       |       |       ||     2
       Divine Vigour     |       |       |       |     1 |       |       |       |       |       ||     1
       Purification      |       |       |       |       |     1 |       |       |       |       ||     1
       Recite            |       |       |       |       |    20 |    27 |    31 |    30 |    34 ||   142
       Vitalisation      |       |       |       |       |     1 |     3 |     3 |     2 |     1 ||    10
       Sanctuary         |       |       |       |       |       |       |       |       |     2 ||     2
       Cleansing Flame   |       |       |       |       |       |       |       |       |     2 ||     2
       Divine Shield     |       |       |       |       |       |       |       |       |     1 ||     1
       Summon Divine War |       |       |       |       |       |       |       |       |     1 ||     1
 Abil: Evoke Flight      |       |       |       |       |       |       |       |     3 |       ||     3
Evoke: Wand              |       |       |       |     9 |    17 |     2 |     2 |     4 |       ||    34
       Phial of floods   |       |       |       |     1 |     1 |       |       |       |       ||     2
       Fan of gales      |       |       |       |       |       |     2 |       |       |       ||     2
       Lamp of fire      |       |       |       |       |       |       |       |     1 |     1 ||     2
  Use: Potion            |     2 |     1 |       |     2 |     7 |     2 |       |       |     2 ||    16
       Scroll            |     1 |     4 |     2 |    14 |    11 |     9 |    20 |    11 |    21 ||    93
 Stab: Held in net/web   |       |       |       |     1 |       |       |       |       |       ||     1
       Invisible         |       |       |       |     5 |     9 |       |       |     2 |     7 ||    23
       Paralysed         |       |       |       |       |     8 |     5 |     7 |     4 |    15 ||    39
       Confused          |       |       |       |       |     5 |    24 |    19 |    10 |    45 ||   103
       Distracted        |       |       |       |       |       |       |       |     1 |       ||     1
       Sleeping          |       |       |       |       |       |       |       |       |     2 ||     2
  Eat: Chunk             |       |     6 |     8 |    17 |    22 |     7 |     5 |     6 |     6 ||    77
       Ration            |       |       |       |     2 |     4 |     6 |     9 |     8 |    15 ||    44
Armor: Scale mail        |    34 |    29 |       |       |       |       |       |       |       ||    63
       Plate armour      |       |    43 |   138 |   329 |   113 |       |       |       |       ||   623
       Skin              |       |       |       |       |    31 |       |       |       |       ||    31
       Chain mail        |       |       |       |       |   302 |   430 |   343 |   431 |   272 ||  1778
       Ice dragon scales |       |       |       |       |       |       |    13 |       |       ||    13
       Shadow dragon sca |       |       |       |       |       |       |       |       |   108 ||   108
Dodge: Dodged            |    28 |    23 |    38 |    97 |   181 |   310 |   337 |   415 |   361 ||  1790
Block: Shield            |    58 |    84 |   165 |   488 |   724 |   968 |   729 |       |       ||  3216
       Reflection        |       |       |     4 |    56 |    77 |   106 |   124 |    77 |   138 ||   582
       Large shield      |       |       |       |       |       |       |   433 |  2471 |  2824 ||  5728
       Rpst.: Scimitar   |       |       |       |     2 |       |       |       |       |       ||     2
       Eudemon blade     |       |       |       |       |       |       |       |     9 |    17 ||    26
